 Dungeon Crawl Stone Soup version 0.31-a0-1025-g2e47921a08 (webtiles) character file.

Game seed: 7145559530198022410

162 Azuregosa the Covert (level 5, 0/36 HPs)
             Began as an Octopode Delver on Nov 17, 2023.
             Slain by an ufetubus (1 damage)
             ... on level 6 of the Dungeon.
             The game lasted 00:07:29 (1153 turns).

Azuregosa the Covert (Octopode Delver)              Turns: 1153, Time: 00:07:29

Health: 0/36       AC:  1    Str: 11    XL:     5   Next: 43%
Magic:  9/9        EV: 13    Int: 15    God:
Gold:   82         SH:  0    Dex: 13    Spells: 8/9 levels left

rFire   . . .        c - +0 glaive
rCold   . . .        (shield currently unavailable)
rNeg    . . .        (helmet restricted)
rPois   .            (no amulet)
rElec   .            m - ring of willpower
rCorr   .            (no ring)
SInv    .            (no ring)
Will    +....        (no ring)
Stlth   +++++        (no ring)
HPRegen 0.26/turn    (no ring)
MPRegen 0.11/turn    (no ring)
                     (no ring)

%: no passive effects
@: no status effects
A: almost no armour, amphibious, 8 rings, camouflage 1, gelatinous body 1,
(nimble swimmer 1), tentacles
a: no special abilities


You were on level 6 of the Dungeon.
You visited 1 branch of the dungeon, and saw 3 of its levels.

You collected 82 gold pieces.

Inventory:

Hand Weapons
 a - a +0 hand axe
 c - a +0 glaive (weapon)
Missiles
 j - 18 stones
 k - 3 poisoned darts
Jewellery
 m - a ring of willpower (left tentacle)
Talismans
 l - a maw talisman
Wands
 f - a wand of digging (3)
Scrolls
 b - a scroll of fog
 d - 4 scrolls of poison {unknown}
 g - a scroll of amnesia {unknown}
 h - a scroll of brand weapon {unknown}
 n - a scroll of teleportation {unknown}
Potions
 e - a potion of haste
 i - a potion of invisibility {unknown}


   Skills:
 - Level 3.0 Fighting
 - Level 2.0 Axes
 - Level 2.0 Dodging
 - Level 8.0 Stealth
 + Level 2.8 Spellcasting
 + Level 1.8 Hexes


You had 8 spell levels left.
You knew the following spells:

 Your Spells              Type           Power      Damage    Failure   Level
a - Slow                  Hex            28%        N/A       10%         1

Your spell library contained the following spells:

 Spells                   Type           Power      Damage    Failure   Level
 Confusing Touch          Hex            7%         N/A       28%         3
 Sigil of Binding         Hex            7%         N/A       28%         3
 Vampiric Draining        Necr           2%         2d6       52%         3
 Brom's Barrelling Bould  Conj/Erth      2%         2d3       90%         4
 Fireball                 Conj/Fire      1%         3d3       99%         5
 Iskenderun's Battlesphe  Conj           2%         2d6       99%         5
 Conjure Ball Lightning   Conj/Air       1%         3x3d6     100%        6
 Orb of Destruction       Conj           1%         9d5       100%        7


Dungeon Overview and Level Annotations

Branches:
Dungeon (6/15)             Temple (0/1) D:4

Altars:
Makhleb
Wu Jian

Annotations:
D:4 Blork the orc
D:5 Edmund


Innate Abilities, Weirdness & Mutations

You cannot wear most types of armour.
You are amphibious.
You can wear up to eight rings at the same time.
Your skin changes colour to match your surroundings (Stealth+).
Your rubbery body absorbs attacks. (AC +1, EV +1)
((You are camouflaged when in or above water. (Stealth+)))
You have tentacles for arms and can constrict up to eight enemies at once.


Message History

You see here a +0 trident.
j - 7 stones (gained 5)
j - 14 stones (gained 7)
You enter the shallow water.
j - 18 stones (gained 4)
An ufetubus comes into view.
An ufetubus comes into view.
You hit the ufetubus. Your grab misses the ufetubus.
The ufetubus is moderately wounded.
The ufetubus hits you. The ufetubus misses you. The ufetubus barely misses you.
The ufetubus closely misses you.
You hit the ufetubus but do no damage. Your grab misses the ufetubus.
The ufetubus is moderately wounded.
The ufetubus hits you. The ufetubus closely misses you. The ufetubus hits you.
The ufetubus closely misses you.
You closely miss the ufetubus. Your grab misses the ufetubus.
Your squeeze misses the ufetubus. The ufetubus barely misses you.
The ufetubus misses you. The ufetubus closely misses you.
The ufetubus completely misses you. The ufetubus slips past you!
The ufetubus closely misses you. The ufetubus misses you.
The ufetubus barely misses you. The ufetubus hits you.
You barely miss the ufetubus. You grab the ufetubus.
The ufetubus is moderately wounded.
You constrict the ufetubus. The ufetubus hits you.
The ufetubus closely misses you. The ufetubus barely misses you. x2
The ufetubus closely misses you. The ufetubus hits you.
The ufetubus barely misses you. The ufetubus hits you.
The ufetubus barely misses you.
The ufetubus hits you but does no damage.
The ufetubus hits you. The ufetubus misses you.
You miss the ufetubus. You grab the ufetubus. Your squeeze misses the ufetubus.
You constrict the ufetubus, but do no damage.
You constrict the ufetubus. The ufetubus hits you.
* * * LOW HITPOINT WARNING * * *
The ufetubus hits you.
* * * LOW HITPOINT WARNING * * *
The ufetubus barely misses you. x2; The ufetubus hits you.
* * * LOW HITPOINT WARNING * * *
The ufetubus hits you.
You die...

....#..# #.#
....#..######.#
....#......##.#
....#....#.##.#
♣...####.#.##.#
.........#.##.#
....###....##.######
#####...#......5...###.#
###....#####@5.....#
##.#.# #...##### #.#.#
##### .#..# .# #.# ###
## .## ..# # #.# #.# #<#


You could see 2 ufetubi.

Vanquished Creatures
  A crimson imp (D:5)
  2 iguanas (D:5)
  Robin (D:4)
  3 adders (D:5)
  A shadow imp (D:5)
  A worm (D:5)
  An orc (D:4)
  2 ball pythons (D:4)
  2 endoplasms (D:4)
  7 goblins
  4 hobgoblins
  A kobold (D:4)
  2 quokkas (D:5)
28 creatures vanquished.

Notes
Turn   | Place    | Note
-------+----------+-------------------------------------------
     0 | D:5      | Azuregosa the Octopode Delver began the quest for the Orb.
     0 | D:5      | Reached XP level 1. HP: 16/16 MP: 1/1
    30 | D:5      | Noticed Edmund
    44 | D:5      | Found a burning altar of Makhleb.
    44 | D:5      | Noticed a crimson imp
    70 | D:5      | Noticed an iguana
    74 | D:5      | Killed an iguana
    75 | D:5      | Reached skill level 7 in Stealth
    75 | D:5      | Reached XP level 2. HP: 10/21 MP: 2/2
    75 | D:5      | Reached XP level 3. HP: 12/26 MP: 3/3
   146 | D:5      | Reached skill level 8 in Stealth
   187 | D:4      | Noticed Robin
   333 | D:5      | Noticed a black bear
   373 | D:5      | Reached skill level 1 in Spellcasting
   376 | D:5      | Learned a level 1 spell: Slow
   382 | D:5      | Reached XP level 4. HP: 15/31 MP: 4/7
   524 | D:5      | Noticed a water moccasin
   735 | D:5      | Reached skill level 1 in Hexes
   875 | D:4      | Killed Robin
   876 | D:4      | Reached XP level 5. HP: 27/36 MP: 8/8
   924 | D:4      | Found a staircase to the Ecumenical Temple.
   927 | D:4      | Noticed Blork the orc
  1071 | D:6      | Noticed an ogre
  1111 | D:6      | Found an ornate altar of the Wu Jian Council.
  1153 | D:6      | HP: 1/36 [ufetubus (5)]
  1153 | D:6      | Slain by an ufetubus

Illustrated notes

Levels and vault maps discovered:
D:4:      layout_cave_pools, temple_fountains, serial_shops,
          nicolae_shop_just_a_little_nook, chequers_serial_rivers_small_3,
          minmay_small_thing, uniq_robin, uniq_blork_the_orc
D:5:      layout_basic, makhleb_grotto_becter, minmay_increasing_density,
          uniq_edmund
D:6:      layout_loops_ring, nzn_wu_jian_contemplation,
          nicolae_ru_sacrificial_ziggurat, serial_shops,
          nicolae_shop_temple_entry_statues_fountains

Skill      XL: |  1  2  3  4 |
---------------+-------------+-----
Stealth        | 7 8 |  8.0
Spellcasting   | 2 |  2.8
Hexes          | 1 |  1.8
Fighting       | |  3.0
Axes           | |  2.0
Dodging        | |  2.0

Action                     |  1- 3 |  4- 6 || total
---------------------------+-------+-------++-------
  Melee: Glaive            |    24 |    42 ||    66
         Constrict         |     3 |    13 ||    16
         Tentacles         |     1 |     6 ||     7
         Punch             |     1 |       ||     1
    Use: Scroll            |     2 |       ||     2
   Stab: Sleeping          |     5 |       ||     5
 Armour: Skin              |    11 |    41 ||    52
  Dodge: Dodged            |    13 |    59 ||    72

Table legend: (Time is in decaauts)
 A = Elapsed time spent in this place.
 B = Non-inter-level travel time spent in this place.
 C = Inter-level travel time spent in this place.
 D = Time resting spent in this place.
 E = Time spent auto-exploring this place.
 F = Levels seen in this place.
 G = Mean time per level.
                   A        B        C        D        E       F      G
               +--------+--------+--------+--------+--------+-----+--------+
         Total |   1199 |   1199 |      0 |    508 |     27 |   3 |  399.7 |
       Dungeon |   1199 |   1199 |      0 |    508 |     27 |   3 |  399.7 |
               +--------+--------+--------+--------+--------+-----+--------+

Top non-repeatable levels by time:
     D:5: 937 daAuts
     D:4: 176 daAuts
     D:6: 85 daAuts
